 Dungeon Crawl Stone Soup version 0.18.1-5-g4a78601 (webtiles) character file.

462 tyrsky the Digger (level 7, -6/36 HPs)
             Began as a Gargoyle Earth Elementalist on May 14, 2016.
             Killed by divine providence
             ... invoked by an orc priest
              (15 damage)
             ... on level 6 of the Dungeon.
             The game lasted 00:13:22 (3005 turns).

tyrsky the Digger (Gargoyle Earth Elementalist)     Turns: 3005, Time: 00:13:22

Health: -6/36      AC:  7    Str: 12    XL:     7   Next: 7%
Magic:  15/15      EV: 12    Int: 17    God:
Gold:   195        SH:  0    Dex: 10    Spells: 3 memorised, 8 levels left

rFire  x . .     SeeInvis .     h - +3 whip (elec)
rCold  + . .     Gourm    .     a - +1 robe
rNeg   + . .     Faith    .     (no shield)
rPois  ∞         Spirit   .     (no helmet)
rElec  +         Dismiss  .     (no cloak)
rCorr  .         Reflect  .     (no gloves)
SustAt .         Harm     .     (no boots)
MR     .....                    (no amulet)
Stlth  ++........               (no ring)
                                e - ring of ice

@: not resistant to hostile enchantments, unstealthy
A: negative energy resistance 1, electricity resistance, unbreathing,
petrification resistance, rot immunity, AC +4
a: no special abilities


You were on level 6 of the Dungeon.
You were not hungry.

You visited 1 branch of the dungeon, and saw 6 of its levels.

You collected 195 gold pieces.

Inventory:

Hand Weapons
 h - a +3 whip of electrocution (weapon)
Missiles
 b - 94 stones (quivered)
Armour
 a - a +1 robe (worn)
Jewellery
 e - a ring of ice (left hand)
Scrolls
 f - a scroll of random uselessness
 g - 2 scrolls of remove curse
 j - 2 scrolls of identify {@*1}
Potions
 i - a potion of cancellation
Books
 c - a book of Geomancy

   Spells                             Type                      Level
   a - Sandblast                      Earth                        1
   b - Passwall                       Transmutation/Earth          2
   c - Stone Arrow                    Conjuration/Earth            3
   d - Petrify                        Transmutation/Earth          4
   e - Lee's Rapid Deconstruction     Earth                        5
Comestibles
 d - a bread ration
 k - 2 chunks of flesh
 l - a slice of pizza


   Skills:
 - Level 1.5 Dodging
 - Level 2.1 Stealth
 * Level 5.6 Spellcasting
 + Level 1.3 Conjurations
   Level 0.7 Transmutations
 + Level 5.7 Earth Magic


You had 8 spell levels left.
You knew the following spells:

 Your Spells              Type           Power        Failure   Level  Hunger
a - Sandblast             Erth           ###...       1%          1    None
b - Stone Arrow           Conj/Erth      ###...       12%         3    ##.....
c - Lee's Rapid Deconstr  Erth           ###.......   38%         5    ######.


Dungeon Overview and Level Annotations

Branches:
Dungeon (6/15)
 Temple: D:4-7

Altars:
Okawaru

Annotations:
D:6 Prince Ribbit


Innate Abilities, Weirdness & Mutations

You are resistant to torment.
Your stone body is resilient (AC +4).
You are immune to poison.
You resist negative energy.
You are resistant to electric shocks.
You can survive without breathing.
You are immune to petrification.
You are immune to rotting.


Message History

You hear a croak.
Read which item? (? for menu, Esc to quit)
As you read the scroll labeled WEMAHO UZIUZAR, it crumbles to dust.
You feel blessed for a moment.
It was a scroll of remove curse.
The orc hits you with a dagger.
* * * LOW HITPOINT WARNING * * *
Read which item? (? for menu, Esc to quit)
As you read the scroll labeled SOM UQUKLE, it crumbles to dust.
You hear a loud clanging noise!
It was a scroll of noise.
You hear a bark!
You hear a shout! x2
Prince Ribbit comes into view.
Drink which item? (? for menu, Esc to quit)
Okay, then.
You hear a distant blaring wail to the south.
Prince Ribbit blinks!
The orc priest casts a cantrip, but nothing happens.
The orc priest calls down the wrath of Beogh upon you.
Beogh smites you!
You die...

#........#
#########.....#
#......##.....#
#......##.....##
##########......##......#
#....o.o.o......##......#
#.########......#####...#
.o. #..o...#####.### ....
####.9.......# ...F
########### .... ....
#...


You could see 2 orc priests and an orc.

Vanquished Creatures
  An ogre (D:4)
  A phantom (D:3)
  A centaur (D:5)
  A hound (D:5)
  An orc priest (D:6)
  An orc wizard (D:4)
  4 adders
  A shadow imp (D:5)
  2 worms
  4 dart slugs
  A giant gecko (D:2)
  9 orcs
  2 giant cockroaches (D:2)
  6 hobgoblins
  8 jackals
  A quokka (D:2)
  3 bats
  3 giant newts
  7 goblins
  11 kobolds
  4 rats
72 creatures vanquished.

Notes
Turn   | Place    | Note
--------------------------------------------------------------
     0 | D:1      | tyrsky the Gargoyle Earth Elementalist began the quest for the Orb.
     0 | D:1      | Reached XP level 1. HP: 10/10 MP: 3/3
   324 | D:1      | Reached XP level 2. HP: 15/15 MP: 3/5
   938 | D:2      | Reached XP level 3. HP: 14/19 MP: 0/7
  1059 | D:2      | Learned a level 3 spell: Stone Arrow
  1249 | D:2      | Reached XP level 4. HP: 22/24 MP: 0/9
  1384 | D:3      | Noticed a phantom
  1399 | D:3      | Killed a phantom
  1399 | D:3      | Reached XP level 5. HP: 23/28 MP: 0/11
  1406 | D:3      | Learned a level 5 spell: Lee's Rapid Deconstruction
  1582 | D:3      | Noticed an ogre
  1891 | D:3      | Reached skill level 5 in Earth Magic
  2028 | D:4      | Noticed an ogre
  2050 | D:4      | Killed an ogre
  2050 | D:4      | Reached skill level 5 in Spellcasting
  2050 | D:4      | Reached XP level 6. HP: 25/32 MP: 4/13
  2192 | D:5      | Entered Level 5 of the Dungeon
  2445 | D:5      | Found an iron altar of Okawaru.
  2584 | D:5      | Reached skill level 1 in Conjurations
  2882 | D:6      | Reached XP level 7. HP: 36/36 MP: 12/15
  2994 | D:6      | Noticed Prince Ribbit
  3005 | D:6      | Killed from afar by an orc priest

Skill      XL: |  1  2  3  4  5  6 |
---------------+-------------------+-----
Earth Magic    | 4 5 |  5.7
Spellcasting   | 3 4 5 |  5.6
Conjurations   | 1 |  1.3
Dodging        | |  1.5
Stealth        | |  2.1
Transmutations | |  0.7

Action                   |  1- 3 |  4- 6 |  7- 9 || total
-------------------------+-------+-------+-------++-------
Melee: Club              |     8 |       |       ||     8
       Whip              |    14 |     9 |       ||    23
 Cast: Sandblast         |    63 |   111 |     4 ||   178
       Stone Arrow       |       |     1 |       ||     1
  Use: Scroll            |     1 |     5 |     4 ||    10
       Potion            |     1 |       |       ||     1
  Eat: Bread ration      |       |     1 |       ||     1
       Chunk             |       |     1 |     1 ||     2
Armor: Robe              |    12 |    21 |       ||    33
Dodge: Dodged            |    25 |    47 |       ||    72
